 Dungeon Crawl Stone Soup version 0.26.0-45-g9c1d065592 (webtiles) character file.

Game seed: 7851078990535635495

(classic levelgen) 1036 thiole the Charlatan (level 8, -12/50 HPs)
             Began as an Octopode Hedge Wizard on Jan 29, 2021.
             Was an Initiate of Gozag.
             Mangled by an orc warrior
             ... wielding a +0 war axe
              (24 damage)
             ... on level 5 of the Dungeon.
             The game lasted 00:16:21 (7243 turns).

thiole the Charlatan (Octopode Hedge Wizard)        Turns: 7243, Time: 00:16:22

Health: -12/50     AC:  1    Str:  9    XL:     8   Next: 24%
Magic:  12/12      EV: 13    Int: 18    God:    Gozag
Gold:   335        SH:  0    Dex: 12    Spells: 5/13 levels left

rFire    + . .     SeeInvis .   v - +2 short sword (venom)
rCold    + . .     Faith    .   (no shield)
rNeg     . . .     Spirit   .   b - +0 hat
rPois    +         Reflect  .   (no amulet)
rElec    +         Harm     .   g - ring of poison resistance
rCorr    +         Rampage  .   (no ring)
Will     .....                  (no ring)
Stlth    ++++......             (no ring)
HPRegen  0.16/turn              (no ring)
MPRegen  0.13/turn              (no ring)
                                (no ring)
                                (no ring)

@: mighty, resistant, gold aura, attractive, hasted, very quick
A: almost no armour, stealthy swim, amphibious, 8 rings, constrict 8, camouflage
1, gelatinous body 1
a: Renounce Religion, Potion Petition, Call Merchant, Bribe Branch


You were on level 5 of the Dungeon.
You worshipped Gozag.
Gozag was aware of your devotion.
You visited 2 branches of the dungeon, and saw 7 of its levels.
You also visited: Sewer.

You collected 385 gold pieces.
You paid 50 gold pieces to Gozag.

Inventory:

Hand Weapons
 a - a +0 dagger
 v - a +2 short sword of venom (weapon)
Missiles
 m - 54 sling bullets
 r - 102 stones
Armour
 b - a +0 hat (worn)
Jewellery
 g - a ring of poison resistance (left tentacle)
 y - a +4 ring of protection {unknown}
 z - an uncursed amulet of guardian spirit {unknown}
Wands
 x - a wand of polymorph (5)
Scrolls
 d - 2 scrolls of enchant weapon {unknown}
 f - a scroll of immolation {unknown}
 j - 2 scrolls of fog {unknown}
 k - 3 scrolls of amnesia {unknown}
 l - 3 scrolls of teleportation {unknown}
 p - 3 scrolls of blinking {unknown}
 t - 2 scrolls of magic mapping {unknown}
Potions
 c - a potion of lignification {unknown}
 h - 2 potions of curing
 i - a potion of degeneration {unknown}
 o - a potion of attraction
 s - a potion of flight {unknown}
 u - a potion of brilliance {unknown}


   Skills:
 - Level 2.0 Fighting
 - Level 5.0 Short Blades
 - Level 2.0 Dodging
 - Level 5.0 Stealth
 - Level 3.0 Spellcasting
 - Level 1.0 Conjurations
 - Level 2.0 Summonings
 - Level 1.0 Translocations
 + Level 1.9 Air Magic
 - Level 6.5 Evocations


You had 5 spell levels left.
You knew the following spells:

 Your Spells              Type           Power        Failure   Level
a - Magic Dart            Conj           24%          11%         1
b - Call Imp              Summ           9%           11%         2
c - Blink                 Tloc           N/A          16%         2
d - Mephitic Cloud        Conj/Pois/Air  6%           32%         3

Your spell library contained the following spells:

 Spells                   Type           Power        Failure   Level
 Slow                     Hex            2%           24%         2
 Sublimation of Blood     Necr           1%           24%         2
 Conjure Flame            Conj/Fire      4%           36%         3
 Ignite Poison            Fire/Tmut/Pois 2%           43%         3
 Petrify                  Tmut/Erth      2%           85%         4
 Irradiate                Conj/Tmut      2%           98%         5
 Alistair's Intoxication  Tmut/Pois      1%           99%         5
 Eringya's Noxious Bog    Tmut/Pois      1%           100%        6


Dungeon Overview and Level Annotations

Branches:
Dungeon (6/15)             Temple (1/1) D:5           Sewer (visited)

Altars:
Ashenzari
Dithmenos
Elyvilon
Gozag
Hepliaklqana
Kikubaaqudgha
Makhleb
Nemelex Xobeh
Okawaru
Qazlal
Ru
Uskayaw
Vehumet
Wu Jian
Yredelemnul
Zin
The Shining One

Annotations:
D:3 Sigmund


Innate Abilities, Weirdness & Mutations

You cannot wear most types of armour.
You are very stealthy in the water. (Stealth+)
You are amphibious.
You can wear up to eight rings at the same time.
You can use your tentacles to constrict eight enemies at once.
Your skin changes colour to match your surroundings (Stealth+).
Your rubbery body absorbs attacks. (AC +1, EV +1)


Message History

It was a potion of resistance.
You feel protected. The orc warrior misses you.
The orc hits you with a +0 hand axe. The orc hits you with a +0 trident.
The orc hits you with a +0 dagger.
You barely miss the orc. You grab the orc. You constrict the orc.
The orc warrior hits you with a +0 war axe!!
* * * LOW HITPOINT WARNING * * *
The orc barely misses you. The orc completely misses you.
The orc barely misses you.
It was a potion of haste.
You feel yourself speed up.
You constrict the orc. The orc warrior closely misses you.
The orc hits you with a +0 hand axe.
* * * LOW HITPOINT WARNING * * *
The orc closely misses you. The orc hits you with a +0 dagger.
* * * LOW HITPOINT WARNING * * *
You feel better.
You constrict the orc. You puncture the orc!
You kill the orc!
The orc warrior hits you with a +0 war axe!!
You die...
Your body crumbles into a pile of gold.

..............)............#
.#..######.####.......######
.##.# #.# ##.......# .##.## #.#
#........##### .##..# #.#
#............####### .###.# #.#
#####............... .# #.##
#.###...##.......####### .# #..#
#.##..o.o######.## ###.. .# ##.#
#.#[.>o@$.# #.# #.... .# #.#
#.#...$...# #.# #.#.#
.####.####.#...>...# #.# #.#.)
...##.#....##.....######.####[#..
...##.......##...##..........(.[.
...###.......#'''#............[..
...# #.###......................#
...# #..##.#........)...........#
...# ##.##.#...............)....#


You could see an orc warrior and 2 orcs.

Vanquished Creatures
  Duvessa (D:5)
  2 big kobolds (Sewer)
  A scorpion (D:5)
  Dowan (D:5)
  A jelly (D:5)
  A centaur skeleton (D:5)
  2 hounds
  An orc wizard (D:5)
  2 orc priests (D:5)
  2 iguanas
  A gnoll (D:5)
  A howler monkey skeleton (D:4)
  5 adders
  A river rat (Sewer)
  A white imp (D:5)
  An ufetubus (D:5)
  2 oozes
  2 dart slugs
  6 worms
  A leopard gecko (D:1)
  10 orcs
  5 ball pythons
  2 giant cockroaches
  2 goblins (D:2)
  A quokka (D:4)
  4 bats
  2 frilled lizards (D:2)
  A jackal skeleton (D:4)
  10 kobolds
  10 rats
82 creatures vanquished.

Vanquished Creatures (collateral kills)
  2 ogres
  2 big kobolds (Sewer)
  2 orc wizards (D:5)
  An iguana (D:5)
  3 worker ants (D:4)
  2 gnolls (D:5)
  A shadow imp (D:5)
  2 worms
  A leopard gecko (D:4)
  2 orcs (D:5)
  A rat (Sewer)
19 creatures vanquished.

Grand Total: 101 creatures vanquished

Notes
Turn   | Place    | Note
-------+----------+-------------------------------------------
     0 | D:1      | thiole the Octopode Hedge Wizard began the quest for the
                  | Orb.
     0 | D:1      | Reached XP level 1. HP: 11/11 MP: 4/4
    21 | D:1      | Reached skill level 1 in Fighting
   285 | D:1      | Reached XP level 2. HP: 15/18 MP: 1/6
  1160 | D:2      | Reached skill level 1 in Short Blades
  1233 | D:2      | Reached XP level 3. HP: 9/24 MP: 4/7
  1443 | D:2      | Learned a level 2 spell: Call Imp
  1446 | D:2      | Learned a level 2 spell: Blink
  1450 | D:2      | Learned a level 3 spell: Mephitic Cloud
  2256 | D:3      | Noticed Sigmund
  2727 | D:4      | Found a broken altar of Ashenzari.
  2730 | D:4      | Found a glowing golden altar of the Shining One.
  2733 | D:4      | Found a white marble altar of Elyvilon.
  2736 | D:4      | Found an iron altar of Okawaru.
  2875 | D:4      | Reached XP level 4. HP: 29/29 MP: 1/8
  3342 | D:4      | Reached XP level 5. HP: 17/34 MP: 1/9
  3602 | D:4      | Noticed an ogre
  3633 | D:4      | Killed an ogre
  3997 | D:4      | Noticed a phantom
  4047 | D:5      | Entered Level 5 of the Dungeon
  4133 | D:5      | Reached XP level 6. HP: 30/39 MP: 10/10
  4194 | D:5      | Reached skill level 5 in Stealth
  4234 | D:5      | Noticed Dowan
  4235 | D:5      | Noticed Duvessa
  4243 | D:5      | Killed Dowan
  4244 | D:5      | Reached skill level 5 in Short Blades
  4244 | D:5      | Reached skill level 1 in Evocations
  4248 | D:5      | Killed Duvessa
  4249 | D:5      | Reached skill level 3 in Evocations
  4249 | D:5      | Reached XP level 7. HP: 6/45 MP: 11/11
  4355 | D:5      | Found a staircase to the Ecumenical Temple.
  4364 | Temple   | Entered the Ecumenical Temple
  4433 | Temple   | Became a worshipper of Gozag Ym Sagoz the Greedy
  4658 | D:5      | Reached skill level 4 in Evocations
  4698 | D:5      | Found a glowing drain.
  4708 | Sewer    | Entered a sewer
  5294 | Sewer    | Reached skill level 5 in Evocations
  5886 | Sewer    | Reached XP level 8. HP: 44/50 MP: 6/12
  5911 | Sewer    | Reached skill level 6 in Evocations
  6866 | D:5      | Reached skill level 1 in Air Magic
  7243 | D:5      | Mangled by an orc warrior

Illustrated notes

Levels and vault maps discovered:
D:1:      sevenhm_arrival_forest_fort_small_4, layout_basic, serial_curves,
          eino_curves_04, eino_curves_02, eino_curves_01
D:2:      layout_basic, serial_bayou_pond_e, minmay_misc_feat_ornament
D:3:      layout_loops_cross, lemuel_round_altar, serial_forest,
          infiniplex_forest_end_double, infiniplex_forest_clump_long,
          infiniplex_forest_clump_diagonal, infiniplex_forest_clump_curved,
          infiniplex_forest_clump_tiny, infiniplex_forest_clump_long,
          infiniplex_forest_pool, chequers_serial_rivers_micro_b, uniq_sigmund,
          uniq_natasha
D:4:      layout_gridville, grunt_temple_overflow_cloverleaf
D:5:      layout_basic, minmay_temple_entry_mist, cheibrodos_sewer_entry_bend,
          kennysheep_windowed_goal, uniq_duvessa
D:6:      layout_layer_cave, lemuel_doored_altar, patterned_corridor
Temple:   dshaligram_water_room_temple

Skill      XL: |  1  2  3  4  5  6  7  8 |
---------------+-------------------------+-----
Fighting       | 1 2 |  2.0
Short Blades   | 1 2 4 5 |  5.0
Summonings     | 2 |  2.0
Stealth        | 4 5 |  5.0
Evocations     | 3 5 6 |  6.5
Air Magic      | 1 |  1.9
Dodging        | |  2.0
Spellcasting   | |  3.0
Conjurations   | |  1.0
Translocations | |  1.0

Action                   |  1- 3 |  4- 6 |  7- 9 || total
-------------------------+-------+-------+-------++-------
Melee: Dagger            |    56 |    39 |       ||    95
       Constrict         |    13 |    15 |    14 ||    42
       Tentacles         |     5 |    11 |     7 ||    23
       Short sword       |       |    22 |    65 ||    87
 Cast: Magic Dart        |    38 |     6 |    99 ||   143
       Call Imp          |     6 |    14 |    14 ||    34
Evoke: Wand              |       |     9 |       ||     9
  Use: Scroll            |     3 |       |       ||     3
       Potion            |       |     5 |     7 ||    12
 Stab: Sleeping          |     7 |     2 |     2 ||    11
       Invisible         |       |     2 |       ||     2
       Distracted        |       |       |     1 ||     1
Armor: Skin              |     7 |     2 |     4 ||    13
Dodge: Dodged            |    29 |    47 |    55 ||   131
